TOP OF THE 1ST |
Charlotte Knights batting - Pitching for Columbus Clippers : RHP Apostolos Tsatsos
|
Pitching: RHP Apostolos Tsatsos
|
|
Batting: LHB Hirakito Herring
|
0-0: Ball 1-0: Ball 2-0: Ball 3-0: Called Strike 3-1: Called Strike 3-2: Base on Balls
|
Batting: RHB Jeff Brower
|
0-0: Called Strike 0-1: Ball 1-1: Ball 2-1: Ball 3-1: Base on Balls Hirakito Herring to second
|
Batting: LHB Brian Dickeson
|
0-0: Foul Ball, location: 2F 0-1: Reached on error, E9 (Flyball, 9, EV 85.6 MPH) Hirakito Herring to third Jeff Brower to second
|
Batting: RHB Darwin Mills
|
0-0: Ball 1-0: Ball 2-0: Called Strike 2-1: Ball 3-1: Base on Balls Hirakito Herring scores Jeff Brower to third Brian Dickeson to second
|
Batting: RHB Will Washburn
|
0-0: Grounds into double play, 6-4-3 (Groundball, 6, EV 87.5 MPH) Jeff Brower scores Brian Dickeson to third
|
Batting: RHB Erik Christensen
|
0-0: Called Strike 0-1: SINGLE (Groundball, P, EV 86.3 MPH) (infield hit) Brian Dickeson scores
|
Batting: RHB Jeff Cox
|
0-0: Ball 1-0: Fielders Choice at 2nd, 6-4 (Groundball, 6, EV 100.0 MPH)
|
Top of the 1st over - 3 runs, 1 hit, 1 error, 1 left on base; Charlotte 3 - Columbus 0 |
BOTTOM OF THE 1ST |
Columbus Clippers batting - Pitching for Charlotte Knights : RHP Yee Li
|
Pitching: RHP Yee Li
|
|
Batting: LHB Anthony Mosley
|
0-0: Foul Ball, location: 2F 0-1: Called Strike 0-2: Ball 1-2: Ground out 6-3 (Groundball, 4MS, EV 83.8 MPH)
|
Batting: RHB Tristan Dennis
|
0-0: SINGLE (Line Drive, 4MD, EV 96.3 MPH)
|
Batting: RHB Jason Savage
|
0-0: Fly out, F6 (Popup, 6MS, EV 77.5 MPH)
|
Batting: SHB Mike Gross
|
0-0: Ball 1-0: Called Strike 1-1: Swinging Strike 1-2: Ball 2-2: Ground out 4-3 (Groundball, 4, EV 79.4 MPH)
|
Bottom of the 1st over - 0 runs, 1 hit, 0 errors, 1 left on base; Charlotte 3 - Columbus 0 |
TOP OF THE 2ND |
Charlotte Knights batting - Pitching for Columbus Clippers : RHP Apostolos Tsatsos
|
Batting: RHB Jake Savell
|
0-0: Ball 1-0: Swinging Strike 1-1: Ball 2-1: Swinging Strike 2-2: Ball 3-2: Foul Ball, location: 2F 3-2: SINGLE (Groundball, 56, EV 94.4 MPH)
|
Batting: RHB Harvey Harvey
|
0-0: Fielders Choice at 2nd, 3-6 (Groundball, 34S, EV 86.3 MPH)
|
Batting: LHB Hirakito Herring
|
0-0: Ball 1-0: Ball 2-0: Foul Ball, location: 2F 2-1: Called Strike 2-2: Grounds into double play, 4-6-3 (Groundball, 4, EV 86.9 MPH)
|
Top of the 2nd over - 0 runs, 1 hit, 0 errors, 0 left on base; Charlotte 3 - Columbus 0 |
BOTTOM OF THE 2ND |
Columbus Clippers batting - Pitching for Charlotte Knights : RHP Yee Li
|
Batting: LHB Doug Frampton
|
0-0: Ball 1-0: Called Strike 1-1: Called Strike 1-2: Ball 2-2: Foul Ball, location: 2F 2-2: Ball 3-2: Fly out, F2 (Popup, 25F, EV 88.8 MPH)
|
Batting: RHB Chris Folse
|
0-0: Foul Ball, location: 2F 0-1: Fly out, F9 (Flyball, 9S, EV 98.8 MPH)
|
Batting: SHB Danny Simmons
|
0-0: Ball 1-0: Ball 2-0: Ball 3-0: Called Strike 3-1: Foul Ball, location: 2F 3-2: DOUBLE (Line Drive, 7LD, EV 100.6 MPH)
|
Batting: LHB Eric Zacher
|
0-0: Ball 1-0: Hit by Pitch
|
Batting: RHB Nate Singleton
|
0-0: Ball 1-0: Ground out 2-3 (Groundball, 15S, EV 69.4 MPH)
|
Bottom of the 2nd over - 0 runs, 1 hit, 0 errors, 2 left on base; Charlotte 3 - Columbus 0 |
TOP OF THE 3RD |
Charlotte Knights batting - Pitching for Columbus Clippers : RHP Apostolos Tsatsos
|
Batting: RHB Jeff Brower
|
0-0: Foul Ball, location: 2F 0-1: Ball 1-1: Ground out 3-1 (Groundball, 34S, EV 80.0 MPH)
|
Batting: LHB Brian Dickeson
|
0-0: Ball 1-0: Ball 2-0: Foul Ball, location: 2F 2-1: Ball 3-1: Base on Balls
|
Batting: RHB Darwin Mills
|
0-0: Foul Ball, location: 2F 0-1: Called Strike 0-2: Ball 1-2: Ball 2-2: Ball 3-2: Fly out, F7 (Flyball, 7, EV 90.0 MPH)
|
Batting: RHB Will Washburn
|
0-0: Fielders Choice at 2nd, 6-4 (Groundball, 6D, EV 91.3 MPH)
|
Top of the 3rd over - 0 runs, 0 hits, 0 errors, 1 left on base; Charlotte 3 - Columbus 0 |
BOTTOM OF THE 3RD |
Columbus Clippers batting - Pitching for Charlotte Knights : RHP Yee Li
|
Batting: LHB Anthony Mosley
|
0-0: Called Strike 0-1: SINGLE (Groundball, 56D, EV 95.0 MPH)
|
Batting: RHB Tristan Dennis
|
0-0: Ball 1-0: Ground out 6-3 (Groundball, 6, EV 90.6 MPH) Anthony Mosley to second
|
Batting: RHB Jason Savage
|
0-0: Called Strike 0-1: Fly out, F8 (Flyball, 8LM, EV 91.9 MPH)
|
Batting: SHB Mike Gross
|
0-0: SINGLE (Flyball, 5D, EV 87.5 MPH) Anthony Mosley to third
|
Batting: LHB Doug Frampton
|
0-0: DOUBLE (Groundball, 3L, EV 101.9 MPH) Anthony Mosley scores Mike Gross to third
|
Batting: RHB Chris Folse
|
0-0: Ball 1-0: DOUBLE (Line Drive, 9LM, EV 103.8 MPH) Mike Gross scores Doug Frampton scores
|
Batting: SHB Danny Simmons
|
0-0: Ball 1-0: Fly out, F8 (Flyball, 8LD, EV 101.9 MPH)
|
Bottom of the 3rd over - 3 runs, 4 hits, 0 errors, 1 left on base; Charlotte 3 - Columbus 3 |
TOP OF THE 4TH |
Charlotte Knights batting - Pitching for Columbus Clippers : RHP Apostolos Tsatsos
|
Batting: RHB Erik Christensen
|
0-0: Called Strike 0-1: Swinging Strike 0-2: Ball 1-2: Foul Ball, location: 2F 1-2: Foul Ball, location: 2F 1-2: Strikes out looking
|
Batting: RHB Jeff Cox
|
0-0: Swinging Strike 0-1: Foul Ball, location: 2F 0-2: Ball 1-2: Strikes out swinging
|
Batting: RHB Jake Savell
|
0-0: Called Strike 0-1: Ball 1-1: Called Strike 1-2: Foul Ball, location: 2F 1-2: Strikes out looking
|
Top of the 4th over - 0 runs, 0 hits, 0 errors, 0 left on base; Charlotte 3 - Columbus 3 |
BOTTOM OF THE 4TH |
Columbus Clippers batting - Pitching for Charlotte Knights : RHP Yee Li
|
Batting: LHB Eric Zacher
|
0-0: Foul Ball, location: 2F 0-1: Ball 1-1: Ground out 5-3 (Groundball, 5, EV 81.9 MPH)
|
Batting: RHB Nate Singleton
|
0-0: Ball 1-0: Ball 2-0: Foul Ball, location: 2F 2-1: Foul Ball, location: 2F 2-2: Ground out 4-3 (Groundball, 4, EV 82.5 MPH)
|
Batting: LHB Anthony Mosley
|
0-0: SINGLE (Flyball, 78S, EV 91.9 MPH)
|
Batting: RHB Tristan Dennis
|
0-0: Ball 1-0: Swinging Strike 1-1: Swinging Strike 1-2: Fly out, F9 (Flyball, 89S, EV 84.4 MPH)
|
Bottom of the 4th over - 0 runs, 1 hit, 0 errors, 1 left on base; Charlotte 3 - Columbus 3 |
TOP OF THE 5TH |
Charlotte Knights batting - Pitching for Columbus Clippers : RHP Apostolos Tsatsos
|
Batting: RHB Harvey Harvey
|
0-0: Foul Ball, location: 2F 0-1: Ball 1-1: Foul Ball, location: 2F 1-2: Strikes out swinging
|
Batting: LHB Hirakito Herring
|
0-0: Called Strike 0-1: Ball 1-1: Ball 2-1: Ball 3-1: Foul Ball, location: 2F 3-2: Base on Balls
|
Batting: RHB Jeff Brower
|
0-0: Called Strike 0-1: Ball 1-1: Called Strike 1-2: Ball 2-2: Fly out, F9 (Flyball, 89M, EV 90.0 MPH)
|
Batting: LHB Brian Dickeson
|
0-0: Ball 1-0: Swinging Strike 1-1: Ball 2-1: Fly out, F8 (Flyball, 8LM, EV 90.0 MPH)
|
Top of the 5th over - 0 runs, 0 hits, 0 errors, 1 left on base; Charlotte 3 - Columbus 3 |
BOTTOM OF THE 5TH |
Columbus Clippers batting - Pitching for Charlotte Knights : RHP Yee Li
|
Batting: RHB Jason Savage
|
0-0: Ground out 6-3 (Groundball, 56, EV 98.8 MPH)
|
Batting: SHB Mike Gross
|
0-0: Called Strike 0-1: SINGLE (Flyball, 34D, EV 93.8 MPH)
|
Batting: LHB Doug Frampton
|
0-0: Fly out, F7 (Line Drive, 7, EV 93.8 MPH)
|
Batting: RHB Chris Folse
|
0-0: Swinging Strike 0-1: Ball 1-1: Ball 2-1: Swinging Strike 2-2: Fly out, F7 (Flyball, 7LS, EV 91.3 MPH)
|
Bottom of the 5th over - 0 runs, 1 hit, 0 errors, 1 left on base; Charlotte 3 - Columbus 3 |
TOP OF THE 6TH |
Charlotte Knights batting - Pitching for Columbus Clippers : RHP Apostolos Tsatsos
|
Batting: RHB Darwin Mills
|
0-0: Ball 1-0: Ball 2-0: Foul Ball, location: 2F 2-1: Swinging Strike 2-2: Foul Ball, location: 2F 2-2: Strikes out swinging
|
Batting: RHB Will Washburn
|
0-0: Swinging Strike 0-1: Foul Ball, location: 2F 0-2: Ball 1-2: Strikes out swinging
|
Batting: RHB Erik Christensen
|
0-0: Ball 1-0: Foul Ball, location: 2F 1-1: Ground out 6-3 (Groundball, 6, EV 98.8 MPH)
|
Top of the 6th over - 0 runs, 0 hits, 0 errors, 0 left on base; Charlotte 3 - Columbus 3 |
BOTTOM OF THE 6TH |
Columbus Clippers batting - Pitching for Charlotte Knights : RHP Yee Li
|
Batting: SHB Danny Simmons
|
0-0: Swinging Strike 0-1: Foul Ball, location: 2F 0-2: Strikes out swinging
|
Batting: LHB Eric Zacher
|
0-0: Ball 1-0: Called Strike 1-1: SINGLE (Groundball, 6, EV 95.0 MPH)
|
Batting: RHB Nate Singleton
|
0-0: Called Strike 0-1: Ball Eric Zacher is caught stealing 2nd base 2-4 1-1: Foul Ball, location: 2F 1-2: Strikes out swinging
|
Bottom of the 6th over - 0 runs, 1 hit, 0 errors, 0 left on base; Charlotte 3 - Columbus 3 |
TOP OF THE 7TH |
Charlotte Knights batting - Pitching for Columbus Clippers : RHP Apostolos Tsatsos
|
Batting: RHB Jeff Cox
|
0-0: Ground out 1-3 (Groundball, P, EV 66.9 MPH)
|
Batting: RHB Jake Savell
|
0-0: Ground out 1-3 (Groundball, 15S, EV 63.1 MPH)
|
Batting: RHB Harvey Harvey
|
0-0: Ball 1-0: Called Strike 1-1: Ball 2-1: Swinging Strike 2-2: Strikes out looking
|
Top of the 7th over - 0 runs, 0 hits, 0 errors, 0 left on base; Charlotte 3 - Columbus 3 |
BOTTOM OF THE 7TH |
Columbus Clippers batting - Pitching for Charlotte Knights : RHP Yee Li
|
Batting: LHB Anthony Mosley
|
0-0: DOUBLE (Flyball, 89XD, EV 110.6 MPH)
|
Batting: RHB Tristan Dennis
|
0-0: SINGLE (Line Drive, 9S, EV 89.4 MPH) Anthony Mosley to third
|
Batting: RHB Jason Savage
|
0-0: Foul Ball, location: 2F 0-1: Ball 1-1: Ball Passed Ball! Anthony Mosley scores Tristan Dennis to second 2-1: Ball 3-1: Fly out, F7 (Flyball, 7, EV 83.8 MPH)
|
Batting: SHB Mike Gross
|
0-0: Called Strike Tristan Dennis steals 3rd base 0-1: Ball 1-1: Foul Ball, location: 2F 1-2: Ball 2-2: Ball 3-2: Foul Ball, location: 2F 3-2: Foul Ball, location: 2F 3-2: Foul Ball, location: 2F 3-2: Fly out, F8 (Flyball, 8RD, EV 101.9 MPH) Runner from 3rd tags up, SCORES, throw by CF
|
Batting: LHB Doug Frampton
|
0-0: Ball 1-0: Foul Ball, location: 2F 1-1: Foul Ball, location: 2F 1-2: Strikes out swinging
|
Bottom of the 7th over - 2 runs, 2 hits, 0 errors, 0 left on base; Charlotte 3 - Columbus 5 |
TOP OF THE 8TH |
Charlotte Knights batting - Pitching for Columbus Clippers : RHP Apostolos Tsatsos
|
Pitching: RHP Tyler Keenan
|
|
Batting: LHB Hirakito Herring
|
0-0: Called Strike 0-1: Fly out, F8 (Flyball, 8LXD, EV 102.5 MPH)
|
Batting: RHB Jeff Brower
|
0-0: Foul Ball, location: 2F 0-1: Ball 1-1: Ground out 5-3 (Groundball, 56S, EV 80.6 MPH)
|
Batting: LHB Brian Dickeson
|
0-0: Ground out 4-3 (Groundball, 4S, EV 84.4 MPH)
|
Top of the 8th over - 0 runs, 0 hits, 0 errors, 0 left on base; Charlotte 3 - Columbus 5 |
BOTTOM OF THE 8TH |
Columbus Clippers batting - Pitching for Charlotte Knights : RHP Yee Li
|
Pitching: RHP Chris Rodgers
|
|
Batting: RHB Chris Folse
|
0-0: Ball 1-0: Fly out, F8 (Flyball, 78XD, EV 75.0 MPH)
|
Batting: SHB Danny Simmons
|
0-0: Called Strike 0-1: Swinging Strike 0-2: Ball 1-2: Ball 2-2: Strikes out looking
|
Batting: LHB Eric Zacher
|
0-0: Called Strike 0-1: Ball 1-1: Called Strike 1-2: Ball 2-2: Foul Ball, location: 2F 2-2: Foul Ball, location: 2F 2-2: Foul Ball, location: 2F 2-2: Ball 3-2: Base on Balls
|
Batting: RHB Nate Singleton
|
0-0: Ball Pickoff Throw to First - Error! E1 Eric Zacher to second 1-0: Fly out, F7 (Flyball, 7LM, EV 90.0 MPH)
|
Bottom of the 8th over - 0 runs, 0 hits, 1 error, 1 left on base; Charlotte 3 - Columbus 5 |
TOP OF THE 9TH |
Charlotte Knights batting - Pitching for Columbus Clippers : RHP Tyler Keenan
|
Pitching: RHP Ryan DeMille
|
|
Batting: RHB Darwin Mills
|
0-0: Ball 1-0: Foul Ball, location: 2F 1-1: SOLO HOME RUN (Flyball, 9LD, EV 101.3 MPH), Distance : 370 ft
|
Batting: RHB Will Washburn
|
0-0: Called Strike 0-1: Ball 1-1: Called Strike 1-2: Foul Ball, location: 2F 1-2: Ball 2-2: Ball 3-2: Strikes out looking
|
Batting: RHB Erik Christensen
|
0-0: Called Strike 0-1: Ball 1-1: Ball 2-1: Ball 3-1: Base on Balls
|
Pinch Hitting: LHB Jake Goddard
|
0-0: Ball 1-0: SINGLE (Line Drive, 78M, EV 88.1 MPH) Erik Christensen to second
|
Batting: RHB Jake Savell
|
0-0: Called Strike 0-1: Swinging Strike 0-2: Reached on error, E6 (Groundball, 6, EV 88.1 MPH) Erik Christensen to third Jake Goddard to second
|
Pinch Hitting: RHB Justin Harris
|
0-0: Ball 1-0: Swinging Strike 1-1: Foul Ball, location: 2F 1-2: Ball 2-2: Ball 3-2: Foul Ball, location: 2F 3-2: Base on Balls Erik Christensen scores Jake Goddard to third Jake Savell to second
|
Pitching: LHP Eric Larsen
|
|
Batting: LHB Hirakito Herring
|
0-0: Foul Ball, location: 2F 0-1: Swinging Strike 0-2: Foul Ball, location: 2F 0-2: Strikes out looking
|
Batting: RHB Jeff Brower
|
0-0: Ball 1-0: Swinging Strike 1-1: Ball 2-1: Ball 3-1: Base on Balls Jake Goddard scores Jake Savell to third Justin Harris to second
|
Pinch Hitting: RHB Nick Richardson
|
0-0: Ball 1-0: Swinging Strike 1-1: Ground out U3 (Groundball, 34S, EV 91.9 MPH)
|
Top of the 9th over - 3 runs, 2 hits, 1 error, 3 left on base; Charlotte 6 - Columbus 5 |
BOTTOM OF THE 9TH |
Columbus Clippers batting - Pitching for Charlotte Knights : RHP Chris Rodgers
|
Pitching: LHP Troy Salzer
|
|
Now at C: Justin Harris
|
|
Now at SS: Jake Goddard
|
|
Now in LF: Casey Quinones
|
|
Pinch Hitting: SHB Jonathan DeFranco
|
0-0: Ball 1-0: Ball 2-0: Swinging Strike 2-1: Swinging Strike 2-2: Foul Ball, location: 2F 2-2: Foul Ball, location: 2F 2-2: Ball 3-2: Base on Balls
|
Batting: RHB Tristan Dennis
|
0-0: Grounds into double play, 6-4-3 (Groundball, 6, EV 83.1 MPH)
|
Batting: RHB Jason Savage
|
0-0: Swinging Strike 0-1: Fly out, F8 (Flyball, 8LM, EV 95.6 MPH)
|
Bottom of the 9th over - 0 runs, 0 hits, 0 errors, 0 left on base; Charlotte 6 - Columbus 5 |
|